AoeStats
← ivcrk826

MegaRandom

509612691Analyzed
3v3 RM · 4d ago on Sep 27, 2026· 25m 55s· 6 players
Game mode
Random Map
Map size
Normal (6 player)
Population
200
Speed
Normal
Resources
Standard
Victory
Conquest
Starting age
Dark Age
Ending age
Imperial Age
RankedLock teamsTeams togetherTeam positionsShared explorationLock speedFull tech treeHidden civsTurbo modeCheats
Victory
Defeat
🇮🇳 Varangians · India
1470
+12
🇦🇷 Chinese · Argentina
1396
+15
🇨🇭 Saxons · Switzerland
1345
+17
🇩🇪 Franks · Germany
1528
-20
🇦🇷 Mongols · Argentina
1352
-14
🇭🇰 Varangians · Hong Kong SAR China
1262
-10
lorddoc
7:06 Loom
10:16 Feudal Age
15:23 Castle Age
14:17 Fletching
14:26 Double-Bit Axe
16:41 Bodkin Arrow
17:19 Fishing Lines
20:58 Padded Archer Armor
23:13 Leather Archer Armor
24:15 Ballistics
26:23 Thumb Ring
Bruh
6:49 Loom
11:19 Feudal Age
17:56 Double-Bit Axe
21:20 Castle Age
19:18 Horse Collar
19:59 Stone Mining
20:58 Fishing Lines
22:10 Bow Saw
22:31 Heavy Plow
23:04 Scale Barding Armor
24:17 Chain Barding Armor
24:09 Forging
26:35 Iron Casting
ivcrk826
0:28 Loom
9:25 Feudal Age
10:26 Double-Bit Axe
11:25 Fletching
21:51 Castle Age
19:45 Horse Collar
20:32 Padded Archer Armor
20:55 Gold Mining
21:57 Crossbowman
22:35 Bodkin Arrow
Mazer
7:43 Loom
10:19 Feudal Age
10:58 Double-Bit Axe
17:49 Castle Age
15:42 Gold Mining
lkf01
9:14 Loom
10:59 Feudal Age
12:11 Double-Bit Axe
17:09 Castle Age
15:15 Horse Collar
16:50 Gold Mining
17:42 Bloodlines
17:41 Scale Barding Armor
19:36 Bow Saw
26:25 Wheelbarrow
Soy un Cacahuate
7:02 Loom
9:12 Feudal Age
15:23 Scale Barding Armor
Connection lost

Rejoining the realm…

Still unreachable

The connection could not be restored.

Session expired

The server has moved on; the page needs a fresh start.